 Dungeon Crawl Stone Soup version 0.23.1 (webtiles) character file.

Game seed: 9050306933057035502

36 Borgoz the Sneak (level 3, 0/27 HPs)
             Began as a Ghoul Enchanter on Mar 14, 2019.
             Slain by an orc priest
             ... wielding a +0 short sword
              (2 damage)
             ... on level 3 of the Dungeon.
             The game lasted 00:02:11 (1472 turns).

Borgoz the Sneak (Ghoul Enchanter)                  Turns: 1472, Time: 00:02:12

Health: 0/27       AC:  3    Str: 11    XL:     3   Next: 37%
Magic:  3/4        EV: 12    Int: 10    God:
Gold:   30         SH:  0    Dex: 10    Spells: 4/5 levels left

rFire    + . .     SeeInvis .   a - +1 dagger
rCold    + + .     Gourm    .   (no shield)
rNeg     + + +     Faith    .   b - +0 robe
rPois    ∞         Spirit   .   i - +0 helmet
rElec    +         Reflect  .   (no cloak)
rCorr    +         Harm     .   (no gloves)
MR       .....                  (no boots)
Stlth    ++........             (no amulet)
HPRegen  0.00/turn              c - ring of resist corrosion
MPRegen  0.09/turn              (no ring)

@: resistant, rotting
A: rotting body, claws 1, carnivore, cold resistance 1, negative energy
resistance 3, inhibited regeneration, torment resistance, unbreathing
a: no special abilities


You were on level 3 of the Dungeon.
You were not hungry.

You visited 1 branch of the dungeon, and saw 3 of its levels.

You collected 30 gold pieces.

Inventory:

Hand Weapons
 a - a +1 dagger (weapon)
Armour
 b - a +0 robe (worn)
 i - a +0 helmet (worn)
Jewellery
 c - a ring of resist corrosion (left claw)
Scrolls
 g - a scroll of enchant weapon
 h - a scroll of remove curse {unknown}
Comestibles
 d - 2 rations


   Skills:
 + Level 0.7 Fighting
 * Level 1.3 Short Blades
 * Level 0.7 Armour
 + Level 2.0 Dodging
 + Level 3.6 Stealth
 + Level 1.9 Spellcasting
 * Level 2.7 Hexes


You had 4 spell levels left.
You knew the following spells:

 Your Spells              Type           Power        Failure   Level  Hunger
a - Corona                Hex            #......      11%         1    ##.....

Your spell library contained the following spells:

 Spells                   Type           Power        Failure   Level  Hunger
 Ensorcelled Hibernation  Hex/Ice        #.....       26%         2    ###....
 Confuse                  Hex            #.......     30%         3    ####...
 Tukima's Dance           Hex            #.......     30%         3    ####...
 Dazzling Spray           Conj/Hex       #.....       47%         3    ####...


Dungeon Overview and Level Annotations

Branches:
Dungeon (3/15)

Altars:


Innate Abilities, Weirdness & Mutations

Your body is rotting away.
You thrive on raw meat.
You are immune to poison.
You have sharp fingernails.
You are carnivorous and can eat meat at any time.
Your flesh is cold resistant. (rC+)
You are immune to negative energy. (rN+++)
You do not regenerate when monsters are visible.
You are immune to unholy pain and torment.
You can survive without breathing.


Message History

You hit the orc priest but do no damage.
The orc priest is heavily wounded.
The orc priest closely misses you.
You barely miss the orc priest.
The orc priest is heavily wounded.
The orc priest hits you but does no damage.
You barely miss the orc priest.
The orc priest is heavily wounded.
The orc priest looks braver for a moment.
Your magical contamination has completely faded away.
You closely miss the orc priest.
The orc priest is heavily wounded.
The orc priest closely misses you.
You closely miss the orc priest.
The orc priest is heavily wounded.
The orc priest closely misses you.
You barely miss the orc priest.
The orc priest is heavily wounded.
The orc priest hits you with a +0 short sword.
You die...

..##
...#
#!.#
#..#
#..#
..#
#.#
#@#
#o#
..#
####


You could see an orc priest.

Vanquished Creatures
  A leopard gecko (D:1)
  A giant cockroach (D:1)
  7 goblins
  4 hobgoblins (D:1)
  6 jackals
  2 kobolds
  A ball python (D:1)
  4 bats (D:1)
  A frilled lizard (D:2)
  3 rats
30 creatures vanquished.

Notes
Turn   | Place    | Note
-------+----------+-------------------------------------------
     0 | D:1      | Borgoz the Ghoul Enchanter began the quest for the Orb.
     0 | D:1      | Reached XP level 1. HP: 14/14 MP: 2/2
   197 | D:1      | Reached skill level 1 in Short Blades
   449 | D:1      | Reached XP level 2. HP: 20/20 MP: 3/3
   864 | D:1      | Reached XP level 3. HP: 27/27 MP: 4/4
  1472 | D:3      | Slain by an orc priest

Skill      XL: |  1  2  3 |
---------------+----------+-----
Short Blades   | 1 |  1.3
Dodging        | 2 |  2.0
Fighting       | |  0.7
Armour         | |  0.7
Stealth        | |  3.6
Spellcasting   | |  1.9
Hexes          | |  2.7

Action                   || total
-------------------------++-------
Melee: Dagger            ||   131
 Cast: Corona            ||     4
  Use: Scroll            ||     2
       Potion            ||     1
 Stab: Sleeping          ||    11
  Eat: Chunk             ||     9
Armor: Robe              ||    23
Dodge: Dodged            ||   102
